Unix NetHack Version 5.0.0-0 post-release - last build Jun 10 2026 00:39:30 (3ee93aec679c4c4259841fe613dc97188e26a321,branch:main).

Game began 2026-07-04 12:52:29, ended 2026-07-04 13:52:05.

HomunculusP, neutral male human Monk

      -----       --------
      |)>.|       |......|                                     -----
      |...|       |......|                 ------------        |...|
      |...-#######|......|     ############...........|        |...|
      |..^|      #|......|     #           |..........|        |.(@|
      |..(.#     #|......|                 |..........|        |...|
      -----#      |.......#################..`.........#       --|--
           #      --.-----                 |..........|#       %##
           #        ###                    |........(.|#      #%
           #          #                    --------|---#      #
           #          #                            #   #      #
           #          #                            ############
          ##          #                                  ##  #####
          #-----------.----                               ###-.--.-
          #|..............|                                 #|....|
          #|..............|                                 #|....|
          #|..............|                                 #|....|
          #...............|                                 #.....|
           ----------------                                  ------

HomunculusP the Novice          St:16 Dx:16 Co:10 In:9 Wi:14 Ch:12  Neutral
Dlvl:1  $:93 HP:30(44) Pw:34(34) AC:10 Xp:5 T:3172 

Latest messages:
 You already found a monster.  Use 'm' prefix to force another search.
 You already found a monster.  Use 'm' prefix to force another search.
 You already found a monster.  Use 'm' prefix to force another search.
 You already found a monster.  Use 'm' prefix to force another search.
 You already found a monster.  Use 'm' prefix to force another search.
 You already found a monster.  Use 'm' prefix to force another search.
 You already found a monster.  Use 'm' prefix to force another search.
 You already found a monster.  Use 'm' prefix to force another search.
 You already found a monster.  Use 'm' prefix to force another search.
 You already found a monster.  Use 'm' prefix to force another search.
 You already found a monster.  Use 'm' prefix to force another search.
 You already found a monster.  Use 'm' prefix to force another search.
 You already found a monster.  Use 'm' prefix to force another search.
 You already found a monster.  Use 'm' prefix to force another search.
 You already found a monster.  Use 'm' prefix to force another search.
 You already found a monster.  Use 'm' prefix to force another search.
 You already found a monster.  Use 'm' prefix to force another search.
 You already found a monster.  Use 'm' prefix to force another search.
 You already found a monster.  Use 'm' prefix to force another search.
 You collapse under your load.
 The wererat hits!
 You return to human form!
 Your movements are now unencumbered.
 The wererat summons help!
 A giant rat suddenly appears next to you!
 A sewer rat suddenly appears next to you!
 A sewer rat suddenly appears next to you!
 A rabid rat suddenly appears close by!
 The wererat hits!
 You kill the sewer rat!
 The sewer rat bites!
 The giant rat bites!
 The wererat hits!
 You see here a sewer rat corpse.
 You kill the giant rat!
 The sewer rat bites!
 You kill the rabid rat!
 You kill the wererat!
 The sewer rat bites!
 You kill the sewer rat!
 You see here an empty broken chest.
 Drink from the fountain? [yn] (n) y
 The cool draught refreshes you.
 The fountain dries up!
 Beware, there will be no return!  Still climb? [yn] (n) y
 Do you want your possessions identified? [ynq] (y) y
 Do you want to see your attributes? [ynq] (y) y
 Do you want an account of creatures vanquished? [ynaq] (y) y
 Do you want to see your conduct and achievements? [ynq] (y) y
 Do you want to see the dungeon overview? [ynq] (y) y

Inventory:
 Coins    ('$')
  $ - 93 gold pieces
 Weapons  (')')
  x - a blessed +0 arrow
  C - a +0 arrow
  v - 9 cursed -2 arrows
  N - a +0 sling
  I - 2 +0 orcish daggers
 Armor    ('[')
  z - an uncursed +0 orcish helm
  a - an uncursed +2 pair of leather gloves
  b - an uncursed +1 robe
 Comestibles  ('%')
  f - 5 cursed apples
  o - an uncursed cram ration
  e - 2 uncursed food rations
  g - 7 uncursed oranges
  L - a cursed rotten tin of gecko meat
  F - a cursed rotten tin of gnome meat
  H - a cursed rotten tin of shrieker
  O - a cursed rotten tin of wererat meat
 Spellbooks  ('+')
  i - a blessed spellbook of healing
 Rings    ('=')
  B - an uncursed ring of cold resistance (on right hand)
 Wands    ('/')
  k - a wand of opening (1:3)
  w - a wand of teleportation (0:2)
 Tools    ('(')
  n - an uncursed lock pick
  y - a cursed tinning kit (0:68)

HomunculusP the Monk's attributes:

Background:
 You were a Novice, a level 5 male human Monk.
 You were neutral, nominally on a mission for Chih Sung-tzu
 who was opposed by Shan Lai Ching (lawful) and Huan Ti (chaotic).
 You were right-handed.
 You were in the Dungeons of Doom, on level 1.
 You entered the dungeon 3172 turns ago.
 You had 223 experience points, 97 more were needed to attain level 6.

Basics:
 You had 30 out of 44 hit points.
 You had all 34 energy points (spell power).
 Your armor class was 10.
 Your wallet contained 93 zorkmids.
 Autopickup was off.

Final Characteristics:
 Your strength was 16 (limit:18/100).
 Your dexterity was 16 (limit:18).
 Your constitution was 10 (limit:18).
 Your intelligence was 9 (limit:18).
 Your wisdom was 14 (limit:18).
 Your charisma was 12 (limit:18).

Final Status:
 You weren't hungry.
 You were unencumbered.
 You were bare handed.
 You had basic skill with martial arts.
 You weren't wearing any armor.

Final Attributes:
 You were piously aligned.
 You were cold resistant.
 Your items were protected from cold.
 You were sleep resistant.
 You were poison resistant.
 You were level-drain resistant.
 You saw invisible.
 You were stealthy.
 You were a wererat.
 You were harmed by silver.
 You were fast.
 You survived.

Miscellaneous:
 You didn't encounter any bones levels.
 Total elapsed playing time was 59 minutes and 27 seconds.

Major events:
 Turn
    1: HomunculusP the neutral male human Monk entered the dungeon
  785: attained the rank of Novice (level 3)
 3172: escaped

Spells:
 Name                 Level Category     Fail Retention
 healing                1   healing       16%  91%-100%

Skills:
 Fighting Skills
   martial arts       [Basic]
 Weapon Skills
   quarterstaff       [Unskilled]
   spear              [Unskilled]
   crossbow           [Unskilled]
   shuriken           [Unskilled]
 Spellcasting Skills
   attack spells      [Unskilled]
   healing spells     [Basic]
   divination spells  [Unskilled]
   enchantment spells [Unskilled]
   clerical spells    [Unskilled]
   escape spells      [Unskilled]
   matter spells      [Unskilled]

Voluntary challenges:
 Character rerolling was not enabled.
 You were vegetarian.
 You were an atheist.
 You never hit with a wielded weapon.
 You never genocided any monsters.
 You never polymorphed an object.
 You used no wishes.
Achievements:
 You entered a shop.
 You attained the rank of Novice.

 The Dungeons of Doom: levels 1 to 3
    Level 1: <- You left from here.
    Level 2:
       A general store.
    Level 3:


Vanquished creatures:
  a small mimic
  a shrieker
  3 giant ants
  a floating eye
  5 hill orcs
  a rabid rat
 an orc zombie
  3 dwarf zombies
  2 wererats
  3 iguanas
  5 coyotes
  2 large kobolds
  3 giant rats
  a red mold
  2 gnomes
  a gecko
  2 jackals
  2 foxes
  a kobold
  4 goblins
  7 sewer rats
  a grid bug
  2 bats
  2 lichens
  a kobold zombie
  6 newts
63 creatures vanquished.

No species were genocided or became extinct.

Goodbye HomunculusP the Monk...

You escaped from the dungeon with 1115 points,
and 93 pieces of gold, after 3172 moves.
You were level 5 with a maximum of 44 hit points when you escaped.

